 Dungeon Crawl Stone Soup version 0.19-a0-1834-g6b7851e (webtiles) character file.

382 dobroeutro the Ruffian (level 6, 0/62 HPs)
             Began as a Troll Monk on Oct 9, 2016.
             Slain by Duvessa
             ... wielding a +0 rapier
              (6 damage)
             ... on level 4 of the Dungeon.
             The game lasted 00:03:52 (2942 turns).

dobroeutro the Ruffian (Troll Monk)                 Turns: 2942, Time: 00:03:53

Health: 0/62       AC:  6    Str: 22    XL:     6   Next: 47%
Magic:  5/5        EV: 10    Int:  6    God:
Gold:   161        SH:  0    Dex: 12    Spells: 0 memorised, 5 levels left

rFire  . . .     SeeInvis .       - Unarmed
rCold  . . .     Gourm    +     a - +0 robe
rNeg   . . .     Faith    .     (no shield)
rPois  .         Spirit   .     (helmet restricted)
rElec  .         Dismiss  .     m - +0 cloak
rCorr  .         Reflect  .     (gloves unavailable)
MR     .....     Harm     .     (boots unavailable)
Stlth  +++.......               (no amulet)
                                (no ring)
                                q - ring of stealth

@: drained
A: unfitting armour, claws 3, fast metabolism 3, gourmand, regeneration 1,
shaggy fur 1, tough skin 2
a: no special abilities


You were on level 4 of the Dungeon.
You were full.

You visited 1 branch of the dungeon, and saw 4 of its levels.

You collected 161 gold pieces.

Inventory:

Armour
 a - a +0 robe (worn)
 m - a +0 cloak (worn)
Jewellery
 q - a ring of stealth (left claw)
Scrolls
 c - 4 scrolls of remove curse {unknown}
 d - 5 scrolls of identify {unknown}
 e - 2 scrolls of enchant weapon {unknown}
 k - a scroll of recharging {unknown}
 n - a scroll of blinking {unknown}
 o - a scroll of random uselessness {unknown}
 p - 2 scrolls of enchant armour {unknown}
Potions
 f - a potion of degeneration {unknown}
 g - a potion of flight {unknown}
 h - a potion of curing {unknown}
 i - a potion of heal wounds {unknown}
 j - a potion of agility {unknown}
 l - a potion of magic {unknown}
Comestibles
 b - 3 bread rations
 t - a meat ration


   Skills:
 + Level 4.0(3.5) Fighting
 - Level 2.4(1.9) Dodging
 + Level 2.5(2.0) Stealth
 + Level 4.9(4.4) Unarmed Combat


You had 5 spell levels left.
You didn't know any spells.

Dungeon Overview and Level Annotations

Branches:
Dungeon (4/15)
 Temple: D:4-7

Altars:

Annotations:
D:4 Duvessa


Innate Abilities, Weirdness & Mutations

You are too large for most types of armour.
You have claws for hands.
Your metabolism is lightning-fast.
You like to eat raw meat.
Your natural rate of healing is unusually fast.
You are covered in fur. (AC +1)
You have very tough skin. (AC +2)


Message History

You are too injured to fight recklessly!
You are too injured to fight recklessly!
You are too injured to fight recklessly!
You are too injured to fight recklessly!
You are too injured to fight recklessly!
You are too injured to fight recklessly!
You claw Duvessa!
Duvessa is heavily wounded.
Duvessa hits you but does no damage. Duvessa hits you with a rapier.
* * * LOW HITPOINT WARNING * * *
You claw Duvessa!
Duvessa is severely wounded.
Duvessa barely misses you. Duvessa hits you with a rapier!
* * * LOW HITPOINT WARNING * * *
It was a potion of cancellation.
Your magical effects are unravelling.
You feel magically purged.
You feel yourself speed up. Duvessa hits you with a rapier.
You die...

#.###.# #.# ######
#..##.# #.# .....#
##.##.# #.# .....# #.##.#
#.# .....# ######..#.#
#.# .....# #.......#.#
#.# .....# #.......#.#
#.# .....# #.......#.#
#.# .....# ##......@.#
#.# .....# #.....e).# #.#
.....# #........# #.#
######
######...###.#######
##............. ######
#........##### ##....#
######..##.##.# ......#
#......>##....#
##....#####.#####.#######


You could see Duvessa (berserk).

Vanquished Creatures
  Dowan (D:4)
  A scorpion (D:4)
  2 hounds (D:4)
  An orc priest (D:4)
  3 gnolls (D:2)
  3 adders
  A howler monkey skeleton (D:4)
  3 oozes
  An adder zombie (D:1)
  An adder skeleton (D:4)
  3 worms
  4 dart slugs
  6 leopard geckos
  6 orcs
  4 giant cockroaches
  7 goblins
  5 hobgoblins
  12 kobolds
  3 quokkas (D:2)
  A ball python zombie (D:1)
  9 bats
  5 frilled lizards
  7 rats
  A plant (D:3)
90 creatures vanquished.

Vanquished Creatures (others)
  A quokka (D:4)
  A plant (D:3)
2 creatures vanquished.

Grand Total: 92 creatures vanquished

Notes
Turn   | Place    | Note
-------+----------+-------------------------------------------
     0 | D:1      | dobroeutro the Troll Monk began the quest for the Orb.
     0 | D:1      | Reached XP level 1. HP: 22/22 MP: 0/0
    73 | D:1      | Reached XP level 2. HP: 28/29 MP: 1/1
   390 | D:1      | Reached XP level 3. HP: 30/36 MP: 2/2
  1028 | D:2      | Reached XP level 4. HP: 38/45 MP: 3/3
  1785 | D:3      | Reached XP level 5. HP: 30/53 MP: 4/4
  2675 | D:4      | Reached XP level 6. HP: 60/62 MP: 5/5
  2922 | D:4      | Noticed Dowan
  2927 | D:4      | Noticed Duvessa
  2937 | D:4      | Killed Dowan
  2942 | D:4      | Slain by Duvessa

Vault maps used:
D:1:      saegor_arrival_fortress
D:3:      nrook_mini_vaults, lexackson_kobold_supper
D:4:      grunt_ministairs_6, elyvilon_altar_4, uniq_duvessa

Skill      XL: |  1  2  3  4  5  6 |
---------------+-------------------+-----
Fighting       | 3 4 |  4.0
Unarmed Combat | 4 |  4.9
Stealth        | 2 |  2.5
Dodging        | |  2.4

Action                   |  1- 3 |  4- 6 || total
-------------------------+-------+-------++-------
Melee: Unarmed           |    74 |   202 ||   276
       Punch             |     1 |     4 ||     5
  Use: Potion            |       |     1 ||     1
 Stab: Sleeping          |     1 |     7 ||     8
  Eat: Chunk             |     7 |    22 ||    29
Armor: Robe              |    36 |    71 ||   107
Dodge: Dodged            |    35 |    80 ||   115
